 Dungeon Crawl Stone Soup version 0.27-a0-789-g6bb3289e1e (webtiles) character file.

Game seed: 5357215547769975283

28 rageheart7 the Covered (level 3, -9/25 HPs)
             Began as a Gnoll Wanderer on Mar 26, 2021.
             Mangled by a gnoll
             ... wielding a +0 halberd
              (12 damage)
             ... on level 2 of the Dungeon.
             The game lasted 00:01:34 (1754 turns).

rageheart7 the Covered (Gnoll Wanderer)             Turns: 1754, Time: 00:01:35

Health: -9/25      AC:  2    Str: 10    XL:     3   Next: 14%
Magic:  6/7        EV: 11    Int: 10    God:
Gold:   22         SH:  0    Dex: 14    Spells: 6/7 levels left

rFire    . . .     SeeInvis .   f - +2 whip (distort)
rCold    . . .     Faith    .   (no shield)
rNeg     . . .     Spirit   .   e - +0 robe
rPois    .         Reflect  .   (no helmet)
rElec    .         Harm     .   (no cloak)
rCorr    .         Rampage  .   (no gloves)
Will     .....                  (no boots)
Stlth    ++........             (no amulet)
HPRegen  0.08/turn              (no ring)
MPRegen  0.10/turn              (no ring)

@: no status effects
A: fangs 1, strong nose, distributed training
a: no special abilities


You were on level 2 of the Dungeon.
You visited 1 branch of the dungeon, and saw 2 of its levels.

You collected 22 gold pieces.

Inventory:

Hand Weapons
 f - a +2 whip of distortion (weapon)
 i - a +3 flail of draining
Missiles
 b - 4 curare-tipped darts (quivered)
Armour
 e - a +0 robe (worn)
Scrolls
 a - a scroll of teleportation {unknown}
 d - 2 scrolls of identify {unknown}
 h - a scroll of torment {unknown}
Potions
 c - a potion of flight {unknown}
 g - a potion of attraction {unknown}


   Skills:
 + Level 0.6 Fighting
 + Level 0.6 Short Blades
 + Level 0.6 Long Blades
 + Level 0.6 Axes
 + Level 4.5 Maces & Flails
 + Level 0.6 Polearms
 + Level 0.6 Staves
 + Level 0.6 Slings
 + Level 0.6 Bows
 + Level 0.6 Crossbows
 + Level 2.5 Throwing
 + Level 6.5 Armour
 + Level 0.6 Dodging
 + Level 2.3 Stealth
 + Level 0.6 Shields
 + Level 0.6 Unarmed Combat
 + Level 2.8 Spellcasting
 + Level 0.4 Conjurations
 + Level 0.4 Hexes
 + Level 0.4 Summonings
 + Level 0.4 Necromancy
 + Level 0.4 Translocations
 + Level 0.4 Transmutations
 + Level 0.4 Fire Magic
 + Level 0.4 Ice Magic
 + Level 3.7 Air Magic
 + Level 0.4 Earth Magic
 + Level 0.4 Poison Magic
 + Level 0.8 Invocations
 + Level 0.6 Evocations


You had 6 spell levels left.
You knew the following spells:

 Your Spells              Type           Power      Damage    Failure   Level
a - Shock                 Conj/Air       20%        1d4       12%         1

Your spell library contained the following spells:

 Spells                   Type           Power      Damage    Failure   Level
 Mephitic Cloud           Conj/Pois/Air  4%         N/A       41%         3


Dungeon Overview and Level Annotations

Branches:
Dungeon (2/15)

Altars:
Elyvilon


Innate Abilities, Weirdness & Mutations

You have very sharp teeth.
Your uncanny sense of smell can sniff out nearby items.
Your experience applies equally to all skills.


Message History

A bat is nearby!
A bat is nearby!
No target in view!
No target in view!
No target in view!
An orc comes into view. It is wielding a +0 morningstar.
An adder comes into view.
The bat hits you.
A gnoll comes into view. It is wielding a +0 halberd.
The bat hits you but does no damage. The bat closely misses you.
The bat barely misses you.
You completely miss the bat. The bat barely misses you.
A quokka comes into view.
The bat hits you but does no damage.
You hit the bat.
You kill the bat!
The gnoll hits you with a +0 halberd!
You hit the gnoll. You bite the gnoll, but do no damage.
The gnoll is heavily wounded.
You hit the gnoll.
The gnoll is almost dead.
The gnoll blinks!
The gnoll hits you with a +0 halberd. The quokka bites you.
You are too injured to fight recklessly!
Casting: Shock (safe; 12% risk of failure)
Confirm with . or Enter, or press ? or * to list all spells.
Aiming: Shock (safe; 12% risk of failure)
Press: ? - help, Shift-Dir - straight line, f - gnoll
Aim: a gnoll, wielding a +0 halberd (almost dead, 31% to evade)
Okay, then.
The gnoll closely misses you. The quokka bites you.
* * * LOW HITPOINT WARNING * * *
Casting: Shock (safe; 12% risk of failure)
Confirm with . or Enter, or press ? or * to list all spells.
Aiming: Shock (safe; 12% risk of failure)
Press: ? - help, Shift-Dir - straight line That beam is likely to hit you.
Continue anyway?
The zap misses the gnoll. x2; The zap hits you.
* * * LOW HITPOINT WARNING * * *
The gnoll hits you from afar with a +0 halberd!
You die...

♣♣.P..o.........# ##.
∆♣♣.......P.##.#### ##
♣♣..♣.......##.# #
♣♣...P.###....#.#
§.♣.♣..#.#.P..#.#
♣♣.♣P..#'#...P#.#
.......g....P.#.# ######
......r...P.....# #.....
....8..@....P.#.# #.###.
............###.# #.###.
.♣..8....♣..# #.###)#...
♣..P..♣..♣..##.......#.
..♣^..♣♣♣.♣♣.######.###.
. ♣... ♣♣. ♣# #.....
♣♣.♣ P. ###### ♣♣ .♣♣


You could see a gnoll and a quokka.

Vanquished Creatures
  A dart slug (D:1)
  2 ball pythons
  6 goblins
  2 hobgoblins (D:1)
  A quokka (D:1)
  6 bats
  4 kobolds
  3 rats (D:1)
25 creatures vanquished.

Vanquished Creatures (others)
  67 plants (D:2)
67 creatures vanquished.

Grand Total: 92 creatures vanquished

Notes
Turn   | Place    | Note
-------+----------+-------------------------------------------
     0 | D:1      | rageheart7 the Gnoll Wanderer began the quest for the Orb.
     0 | D:1      | rageheart7 set off with the following items: a +2 dagger, 4
                  | curare-tipped darts, a +0 mace, a +0 robe; and the
                  | following spell memorised: Shock; and the following spells
                  | available to memorise: Mephitic Cloud
     0 | D:1      | Reached XP level 1. HP: 13/13 MP: 4/4
   500 | D:1      | Reached XP level 2. HP: 19/19 MP: 2/5
  1380 | D:2      | Reached XP level 3. HP: 25/25 MP: 7/7
  1694 | D:2      | Found a white marble altar of Elyvilon.
  1754 | D:2      | Mangled by a gnoll

Illustrated notes

Levels and vault maps discovered:
D:1:      dpeg_arrival_subterranean_lakeside_camping, layout_basic
D:2:      wad_woods_settlement, layout_loops_corners, lemuel_doored_altar,
          tso_metal_star, uniq_terence

Action                   || total
-------------------------++-------
Melee: Dagger            ||    26
       Whip              ||    25
       Bite              ||     3
 Cast: Shock             ||    11
 Stab: Sleeping          ||     3
Armor: Robe              ||    11
Dodge: Dodged            ||    39

Table legend: (Time is in decaauts)
 A = Elapsed time spent in this place.
 B = Non-inter-level travel time spent in this place.
 C = Inter-level travel time spent in this place.
 D = Time resting spent in this place.
 E = Time spent auto-exploring this place.
 F = Levels seen in this place.
 G = Mean time per level.
                   A        B        C        D        E       F      G
               +--------+--------+--------+--------+--------+-----+--------+
         Total |   1751 |   1696 |     55 |      0 |   1528 |   2 |  875.5 |
       Dungeon |   1751 |   1696 |     55 |      0 |   1528 |   2 |  875.5 |
               +--------+--------+--------+--------+--------+-----+--------+

Top non-repeatable levels by time:
     D:1: 1374 daAuts
     D:2: 376 daAuts
